 Dungeon Crawl Stone Soup version 0.31-a0-167-g1c394c0614 (webtiles) character file.

Game seed: 5718439957842248090

4319 Moral the Covert (level 10, -3/88 HPs)
             Began as a Naga Ice Elementalist on June 14, 2023.
             Was a Priest of Cheibriados.
             Slain by a vault guard
             ... wielding a +0 broad axe
              (6 damage)
             ... in a bailey.
             The game lasted 00:50:15 (10170 turns).

Moral the Covert (Naga Ice Elementalist)           Turns: 10170, Time: 00:50:16

Health: -3/88      AC: 15    Str: 18    XL:     10   Next: 33%
Magic:  1/20       EV: 12    Int: 27    God:    Cheibriados [***...]
Gold:   481        SH:  0    Dex: 18    Spells: 13/23 levels left

rFire   . . .        o - +2 hand axe (heavy)
rCold   . . .        (no shield)
rNeg    . . .        a - +1 robe
rPois   +            (no helmet)
rElec   .            (no cloak)
rCorr   .            (no gloves)
SInv    +            (no barding)
Will    +....        (no amulet)
Stlth   +++++        c - ring of see invisible
HPRegen 0.34/turn    g - ring of flight
MPRegen 0.17/turn

%: no passive effects
@: brilliant, ice-armoured, freezing walls, flying, very slow
A: AC +3, large, see invisible, deformed body, poison resistance, slowness 2,
spit poison 1, naga tail 1, inability to drink after injury 1, MP-powered wands
a: Spit Poison, Renounce Religion, Bend Time, Temporal Distortion


You were in a bailey.
You worshipped Cheibriados.
Cheibriados was most pleased with you.
You visited 2 branches of the dungeon, and saw 9 of its levels.
You also visited: Bailey.

You collected 481 gold pieces.

Inventory:

Hand Weapons
 o - a +2 heavy hand axe (weapon)
Missiles
 i - a throwing net
Armour
 a - a +1 robe (worn)
Jewellery
 c - a ring of see invisible (left hand)
 g - a ring of flight (right hand)
 p - a ring of positive energy
Wands
 r - a wand of digging (2)
Scrolls
 d - a scroll of fog
 e - 7 scrolls of identify
 h - a scroll of amnesia
Potions
 f - 2 potions of haste
 k - a potion of enlightenment
 l - a potion of brilliance


   Skills:
 + Level 5.0 Fighting
 + Level 4.5 Dodging
 * Level 11.9 Stealth
 * Level 7.0 Spellcasting
 * Level 8.4 Ice Magic


You had 13 spell levels left.
You knew the following spells:

 Your Spells              Type           Power      Damage    Failure   Level
a - Freeze                Ice            100%       1d10      1%          1
b - Frozen Ramparts       Ice            100%       1d16      1%          3
c - Ozocubu's Armour      Ice            70%        N/A       1%          3
d - Hailstorm             Conj/Ice       48%        3d11      3%          3

Your spell library contained the following spells:

 Spells                   Type           Power      Damage    Failure   Level
 Beastly Appendage        Tmut           28%        N/A       6%          1
 Wereblood                Tmut           14%        N/A       9%          2
 Ice Form                 Ice/Tmut       48%        N/A       11%         4
 Summon Ice Beast         Ice/Summ       48%        N/A       11%         4
 Dazzling Flash           Conj/Hex       28%        N/A       17%         3
 Spider Form              Tmut/Pois      14%        N/A       17%         3
 Summon Guardian Golem    Hex/Summ       14%        N/A       17%         3
 Volatile Blastmotes      Fire/Tloc      28%        2d12      17%         3
 Iskenderun's Mystic Bla  Conj/Tloc      14%        2d5       50%         4
 Manifold Assault         Tloc           14%        N/A       50%         4
 Simulacrum               Ice/Necr       24%        N/A       85%         6
 Dispersal                Tloc           7%         N/A       100%        6
 Starburst                Conj/Fire      7%         6d4       100%        6
 Orb of Destruction       Conj           7%         9d6       100%        7
 Spellforged Servitor     Conj/Summ      7%         N/A       100%        7
 Disjunction              Tloc           7%         N/A       100%        8


Dungeon Overview and Level Annotations

Branches:
Dungeon (8/15)             Temple (1/1) D:5          Bailey (1/1)
   Lair: D:8-11

Altars:
Ashenzari
Cheibriados
Dithmenos
Elyvilon
Fedhas
Gozag
Hepliaklqana
Kikubaaqudgha
Makhleb
Okawaru
Qazlal
Ru
Sif Muna
Uskayaw
Vehumet
Wu Jian
Xom
Zin

Shops:
D:5 ::??


Innate Abilities, Weirdness & Mutations

Your serpentine skin is tough. (AC +3)
You have supernaturally acute eyesight. (SInv)
Armour fits poorly on your strangely shaped body.
Your system is resistant to poisons. (rPois)
You cover ground very slowly.
You can spit poison.
You have a snake-like lower body.
You occasionally lose the ability to drink potions when taking damage.
You expend magic power (3 MP) to strengthen your wands.


Message History

The splash of poison hits the vault guard but does no damage.
The vault guard is lightly wounded.
The vault guard closely misses you.
You barely miss the vault guard.
The vault guard is lightly wounded.
The vault guard completely misses you. The vault guard barely misses you.
You closely miss the vault guard.
The vault guard is lightly wounded.
The vault guard hits you but does no damage.
The vault guard hits you with a +0 broad axe.
Casting: Ozocubu's Armour (safe; 1% risk of failure)
Confirm with . or Enter, or press ? or * to list all spells.
Casting: Frozen Ramparts (safe; 1% risk of failure)
Press: ? - help, Dir - look around, f - activate You feel a surge of power!
The walls around you are covered in ice.
You have got your breath back.
The wall freezes the vault guard but does no damage.
The vault guard hits you with a +0 broad axe!
* * * LOW HITPOINT WARNING * * *
You hit the vault guard but do no damage.
The vault guard is lightly wounded.
The wall freezes the vault guard but does no damage.
The vault guard barely misses you.
The wall freezes the vault guard!
The vault guard closely misses you.
You hit the vault guard but do no damage.
The vault guard is moderately wounded.
The wall freezes the vault guard.
The vault guard closely misses you.
The wall freezes the vault guard!
The vault guard hits you with a +0 broad axe!
* * * LOW HITPOINT WARNING * * *
You hit the vault guard.
The vault guard is heavily wounded.
You can drink potions again.
The wall freezes the vault guard!
The vault guard hits you with a +0 broad axe.
* * * LOW HITPOINT WARNING * * *
The wall freezes the vault guard!
The vault guard hits you with a +0 broad axe.
You die...

≈# #########
~≈≈####≈≈#....##
.~~≈≈≈≈~)#p....##
...~~~~.p'†.#...#
.........#).#.p.#
~..~~~≈≈≈#..##@.#
....~≈#######...#
~~~~~≈
#.......#####
~~~~~
#.....)##...##
~~~~≈
#+#..))'..∩..#
≈≈≈≈ ######.....#
#### ##~~~'..∩..#
#~~~~##...##
+~~~~~#####


You could see a vault guard.

Vanquished Creatures
  Prince Ribbit (Bailey)
  Sigmund (D:3)
  5 humans (Bailey)
  The ghost of roninjake the Shooter, an amateur MiHu (D:4)
  An acid dragon (D:7)
  2 black bears
  2 orc warriors
  3 sky beasts
  An ogre (D:5)
  The ghost of superbruh the Trooper, an amateur DsBe of Trog (D:3)
  2 centaurs (D:8)
  2 phantoms (D:6)
  2 kobold brigands
  11 bullfrogs
  3 scorpions
  2 howler monkeys (D:7)
  2 jellies
  A gnoll bouda (D:8)
  4 hounds
  An orc priest (D:5)
  2 sleepcaps (D:5)
  Terence (D:2)
  4 iguanas
  2 orc wizards (D:7)
  Robin (D:2)
  15 gnolls
  6 adders
  A shadow imp (D:5)
  A white imp (D:6)
  An ufetubus (D:4)
  4 worms
  5 dart slugs
  7 orcs
  11 ball pythons
  2 endoplasms (D:4)
  7 giant cockroaches
  19 goblins
  12 hobgoblins
  13 jackals
  15 kobolds
  A quokka (D:4)
  6 bats
  3 frilled lizards
  3 rats
190 creatures vanquished.

Notes
Turn   | Place    | Note
-------+----------+-------------------------------------------
     0 | D:1      | Moral the Naga Ice Elementalist began the quest for the
                  | Orb.
     0 | D:1      | Reached XP level 1. HP: 15/15 MP: 3/3
   157 | D:1      | Reached XP level 2. HP: 15/22 MP: 1/5
   739 | D:1      | Reached XP level 3. HP: 30/30 MP: 4/6
   743 | D:1      | Learned a level 3 spell: Frozen Ramparts
  1202 | D:2      | Reached skill level 4 in Stealth
  1317 | D:2      | Noticed Terence
  1330 | D:2      | Killed Terence
  1331 | D:2      | Reached skill level 1 in Fighting
  1331 | D:2      | Reached XP level 4. HP: 38/38 MP: 1/7
  1491 | D:2      | Noticed Robin
  1681 | D:2      | Killed Robin
  2317 | D:3      | Noticed a scorpion
  2333 | D:3      | Killed a scorpion
  2334 | D:3      | Reached skill level 5 in Stealth
  2334 | D:3      | Reached XP level 5. HP: 9/44 MP: 0/9
  2553 | D:3      | Learned a level 3 spell: Ozocubu's Armour
  3089 | D:3      | Noticed superbruh's ghost (amateur DsBe)
  3096 | D:3      | Noticed Sigmund
  3099 | D:3      | Found a runed translucent door.
  3176 | D:3      | Killed Sigmund
  3177 | D:3      | Reached skill level 6 in Stealth
  3177 | D:3      | Reached skill level 5 in Ice Magic
  3177 | D:3      | Reached XP level 6. HP: 39/52 MP: 1/11
  3267 | D:3      | Killed superbruh's ghost
  3268 | D:3      | Reached XP level 7. HP: 44/60 MP: 4/12
  4087 | D:4      | Found a runed translucent door.
  4088 | D:4      | Noticed roninjake's ghost (amateur MiHu)
  4103 | D:4      | Killed roninjake's ghost
  4104 | D:4      | Reached skill level 7 in Stealth
  4746 | D:5      | Entered Level 5 of the Dungeon
  4749 | D:5      | Found Ammox's Magic Scroll Shop.
  4774 | D:5      | Found Pucodwin's Book Emporium.
  4774 | D:5      | Noticed a walking divine tome
  4776 | D:5      | Noticed a walking crystal tome
  4913 | D:5      | Found a staircase to the Ecumenical Temple.
  4925 | Temple   | Entered the Ecumenical Temple
  4989 | Temple   | Became a worshipper of Cheibriados the Contemplative
  5111 | D:5      | Found Zausal's Book Shop.
  5122 | D:5      | Reached XP level 8. HP: 34/68 MP: 11/14
  5590 | D:5      | Found Ebaij's Magic Scroll Shoppe.
  5610 | D:5      | Learned a level 3 spell: Hailstorm
  5792 | D:5      | Reached skill level 8 in Stealth
  6884 | D:6      | Reached skill level 5 in Spellcasting
  6973 | D:6      | Reached skill level 9 in Stealth
  7043 | D:6      | Reached * piety under Cheibriados
  7615 | D:7      | Reached XP level 9. HP: 64/78 MP: 1/17
  7795 | D:7      | Found a stormy altar of Qazlal.
  8362 | D:7      | Reached skill level 10 in Stealth
  9063 | D:8      | Reached ** piety under Cheibriados
  9285 | D:8      | Found a flagged portal.
  9291 | D:8      | HP: 1/78 [centaur/arrow (3)]
  9305 | D:8      | Gained mutation: You occasionally lose the ability to drink
                  | potions when taking damage. [potion of mutation]
  9305 | D:8      | Gained mutation: You expend magic power (3 MP) to
                  | strengthen your wands. [potion of mutation]
  9352 | Bailey   | Entered a bailey
  9827 | Bailey   | Reached skill level 11 in Stealth
 10081 | Bailey   | Reached XP level 10. HP: 76/87 MP: 12/19
 10133 | Bailey   | Reached *** piety under Cheibriados
 10138 | Bailey   | Noticed Prince Ribbit
 10148 | Bailey   | Reached skill level 5 in Fighting
 10148 | Bailey   | Killed Prince Ribbit
 10150 | Bailey   | Noticed a vault guard
 10170 | Bailey   | HP: 3/88 [vault guard/+0 broad axe (5)]
 10170 | Bailey   | Slain by a vault guard

Illustrated notes

Levels and vault maps discovered:
D:1:      psy_arrival_radial01, layout_loops_ring
D:2:      layout_loops_ring, uniq_robin, uniq_terence
D:3:      layout_rooms, hellmonk_ghost_happy_afterlife, uniq_sigmund
D:4:      layout_basic, gammafunk_ghost_grave
D:5:      layout_gridville, minmay_temple_entry_mini_moons, serial_shops, shop,
          nicolae_shop_tiny_glass, nicolae_take_the_stairs,
          nicolae_shop_mannequins
D:6:      layout_basic
D:7:      layout_basic, marbit_many_paths
D:8:      layout_basic, enter_bailey_5, lightli_corner_chamber
Temple:   compressed_dpeg_triangle_lava_temple
Bailey:   bailey_axe_froggy_fort_hellmonk, bailey

Skill      XL: |  1  2  3  4  5  6  7  8  9 10 |
---------------+-------------------------------+-----
Stealth        | 4 5 6 7 9 11 | 11.9
Fighting       | 1 2 3 4 5 |  5.0
Dodging        | 2 3 4 |  4.5
Spellcasting   | 3 4 5 6 7 |  7.0
Ice Magic      | 5 6 8 |  8.4

Action                     |  1- 3 |  4- 6 |  7- 9 | 10-12 || total
---------------------------+-------+-------+-------+-------++-------
  Melee: Unarmed           |    11 |    39 |     6 |       ||    56
         Hand axe          |       |       |    98 |    11 ||   109
         Punch             |       |       |     2 |       ||     2
   Cast: Freeze            |    42 |    38 |    48 |    10 ||   138
         Frozen Ramparts   |     2 |    15 |    39 |     3 ||    59
         Ozocubu's Armour  |       |     3 |     6 |     3 ||    12
         Hailstorm         |       |       |    36 |     1 ||    37
Ability: Spit Poison       |     3 |     7 |     8 |     4 ||    22
    Use: Scroll            |       |     4 |     9 |       ||    13
         Potion            |       |     2 |     6 |     1 ||     9
   Stab: Sleeping          |     3 |     2 |     2 |       ||     7
 Armour: Robe              |    10 |    25 |    37 |     9 ||    81
         Skin              |       |       |    11 |       ||    11
  Dodge: Dodged            |    28 |    58 |   109 |    19 ||   214

Table legend: (Time is in decaauts)
 A = Elapsed time spent in this place.
 B = Non-inter-level travel time spent in this place.
 C = Inter-level travel time spent in this place.
 D = Time resting spent in this place.
 E = Time spent auto-exploring this place.
 F = Levels seen in this place.
 G = Mean time per level.
                   A        B        C        D        E       F      G
               +--------+--------+--------+--------+--------+-----+--------+
         Total |  12987 |  12987 |      0 |   2260 |   7994 |  10 | 1298.7 |
       Dungeon |  11995 |  11995 |      0 |   1579 |   7926 |   8 | 1499.4 |
        Temple |    122 |    122 |      0 |      0 |      0 |   1 |  122.0 |
        Bailey |    869 |    869 |      0 |    681 |     68 |   1 |  869.0 |
               +--------+--------+--------+--------+--------+-----+--------+

Top non-repeatable levels by time:
     D:5: 2143 daAuts
     D:7: 1904 daAuts
     D:4: 1673 daAuts
     D:6: 1507 daAuts
     D:3: 1431 daAuts
     D:1: 1360 daAuts
     D:2: 1339 daAuts
  Bailey: 869 daAuts
     D:8: 634 daAuts
  Temple: 122 daAuts
